TKirby, neutral male human Tourist # !##-------- #.......| |....... #.......| #|......| #|....<.| #-------- # --------|-- # |.........| # |.........| ### |.........|###### |........N|### |........@.# |.........| ----------- TKirby the Sightseer Experience level: 3 Strength: 11 Dexterity: 12 Constitution: 16 Intelligence: 14 Wisdom: 8 Charisma: 15 Health: 0(27) Energy: 11(11) Def: 2 Gold: 661 Moves: 2013 Dungeon seed: I6LH4UNJY7oRTOXB Game ID: TKirby_1491837532 Your Inventory: Coins $ - 661 gold pieces Weapons a - 19 +2 darts (in quiver) u - a +0 mace B - a -2 dagger (weapon in hand) Armor n - an uncursed +0 Hawaiian shirt (being worn) q - an uncursed +0 leather armor (being worn) Comestibles b - 4 uncursed food rations c - 3 uncursed fortune cookies d - an uncursed egg p - an uncursed tin of jackal meat w - an uncursed tripe ration Scrolls g - an uncursed scroll of magic mapping h - a blessed scroll of magic mapping Spellbooks s - an uncursed spellbook of healing C - a blessed spellbook of cure sickness Potions e - 2 uncursed potions of extra healing f - a blessed potion of extra healing k - an uncursed potion of see invisible l - an uncursed potion of gain energy v - a potion of holy water z - an uncursed potion of blindness A - an uncursed potion of gain level D - a cursed potion of gain level Rings m - a cursed ring of stealth Wands o - a wand of teleportation (0:4) t - a wand of light (0:15) E - a wand of polymorph (0:4) Tools i - an expensive camera (0:43) j - an uncursed credit card Spells and supernatural/magical abilities: Name Level Category Fail Memory h - healing 1 healing 16% 94% K - cure sickness 3 healing 100% 99% W - pray for help -- divine ? -- Your skills at the end: Fighting Skills Weapon Skills dart [Basic] Spellcasting Skills Final Attributes: You were devoutly aligned. You were unlucky. The Lady was angry with you. You are dead. Vanquished creatures: a bugbear a paper golem an iguana 2 hobbits 2 geckos 6 jackals 2 foxes a goblin 2 grid bugs 2 bats 4 lichens 2 kobold zombies 5 newts 31 creatures vanquished. Voluntary challenges: You followed a strict vegan diet. You used a wielded weapon 6 times, starting on turn 1239. You read items or engraved 10 times, starting on turn 523. You never genocided any monsters. You never polymorphed an object. You never changed form. You used no wishes. You never split a pudding. You never wrote Elbereth's name. You never violated your personal moral code. Dungeon overview: The Dungeons of Doom: levels 1 to 5 Level 1 a fountain a long staircase Level 2 some fountains, a sink a long staircase Level 3 a fountain Level 4 a fountain Level 5 <- You were here History has recorded: On T:1 you entered the Dungeons of Doom to retrieve the Amulet of Yendor! On T:612 you advanced to experience level 2. On T:687 you reached level 2 of The Dungeons of Doom. On T:1115 you reached level 3 of The Dungeons of Doom. On T:1506 you reached level 4 of The Dungeons of Doom. On T:1690 you advanced to experience level 3. On T:1922 you reached level 5 of The Dungeons of Doom. Score breakdown: Gold: 237 ( 8084 points) Experience: 3 levels ( 7878 points) Exploration: 5 levels ( 11.11%) ( 9045 points) Discoveries: 2 items ( 0.67%) ( 2457 points) Valuables value: (no points given unless you survive) Artifact value: 0 ( 0 points) Variety of kills: 13 monsters ( 3.41%) ( 5541 points) Turncount: 2013 turns ( -10 points) Survival: died (score multiplied by 80%) Total score: 26396 Latest messages: You stop exploring. TKirby's ghost blocks your way. You stop exploring. Boi misses TKirby's ghost. You hear some noises in the distance. You hear water falling on coins. You hear some noises in the distance. You stop exploring. You miss the golden naga hatchling. The golden naga hatchling bites! You hit the golden naga hatchling. The golden naga hatchling bites! You miss the golden naga hatchling. The golden naga hatchling bites! You miss the golden naga hatchling. (2x) The golden naga hatchling bites! You miss the golden naga hatchling. The golden naga hatchling bites! You miss the golden naga hatchling. The golden naga hatchling bites! You miss the golden naga hatchling. The golden naga hatchling bites! You miss the golden naga hatchling. The golden naga hatchling bites! You die... Final status: Aloha TKirby the Tourist, killed by a golden naga hatchling... You died in The Dungeons of Doom on dungeon level 5 with 26396 points, and 661 pieces of gold, after 2013 moves. You were level 3 with a maximum of 27 hit points when you died.